 Dungeon Crawl Stone Soup version 0.30-a0-2-gf48d83f5e2 (webtiles) character file.

Game seed: 841819568738738293

3400 Turgor the Thrower (level 10, -2/74 HPs)
             Began as a Gnoll Wanderer on Aug 19, 2022.
             Was a Priest of Cheibriados.
             Slain by a wyvern zombie (10 damage)
             ... in an ossuary.
             The game lasted 00:42:08 (9197 turns).

Turgor the Thrower (Gnoll Wanderer)                 Turns: 9197, Time: 00:42:09

Health: -2/74      AC:  6    Str: 20    XL:     10   Next: 4%
Magic:  18/18      EV: 15    Int: 22    God:    Cheibriados [***...]
Gold:   167        SH:  0    Dex: 21    Spells: 13/20 levels left

rFire   . . .      SeeInvis .    j - +5 whip
rCold   + . .      Faith    .    (no shield)
rNeg    . . .      Spirit   .    e - +0 robe
rPois   .          Reflect  .    (no helmet)
rElec   .          Harm     .    c - +0 cloak
rCorr   .          Rampage  .    m - +0 pair of gloves
Will    .....                    h - +0 pair of boots
Stlth   +++.......               t - amulet of regeneration
HPRegen 1.02/turn                A - ring of protection from cold
MPRegen 0.16/turn                (no ring)

@: very slow
A: fangs 1, strong nose, distributed training
a: Renounce Religion, Bend Time, Temporal Distortion


You were in an ossuary.
You worshipped Cheibriados.
Cheibriados was most pleased with you.
You visited 1 branch of the dungeon, and saw 8 of its levels.
You also visited: Ossuary.

You collected 272 gold pieces.
You spent 105 gold pieces at shops.

Inventory:

Hand Weapons
 a - a +2 falchion
 d - a +1 vampiric rapier
 j - a +5 whip (weapon)
 o - a +2 arbalest of freezing
Missiles
 b - 21 poisoned darts
 i - 47 stones
Armour
 c - a +0 cloak (worn)
 e - a +0 robe (worn)
 h - a +0 pair of boots (worn)
 m - a +0 pair of gloves (worn)
Jewellery
 t - an amulet of regeneration (around neck)
 A - a ring of protection from cold (left hand)
Wands
 E - a wand of mindburst (16)
Scrolls
 f - a scroll of poison {unknown}
 g - 2 scrolls of noise {unknown}
 k - 2 scrolls of amnesia
 p - a scroll of enchant weapon {unknown}
 q - a scroll of immolation {unknown}
 s - a scroll of fear {unknown}
 w - 2 scrolls of enchant armour {unknown}
 x - 2 scrolls of teleportation
 y - 2 scrolls of magic mapping {unknown}
Potions
 l - a potion of attraction
 n - a potion of might
 r - a potion of magic
 u - a potion of curing
 v - 2 potions of flight
 z - a potion of resistance
 C - a potion of brilliance
 D - a potion of lignification {unknown}


   Skills:
 + Level 5.0 Fighting
 + Level 5.0 Short Blades
 + Level 8.3 Long Blades
 + Level 5.0 Axes
 + Level 5.0 Maces & Flails
 + Level 5.0 Polearms
 + Level 5.0 Staves
 + Level 5.0 Ranged Weapons
 + Level 8.3 Throwing
 + Level 5.7 Armour
 + Level 5.0 Dodging
 + Level 5.0 Stealth
 + Level 5.0 Shields
 + Level 5.0 Unarmed Combat
 + Level 5.8 Spellcasting
 + Level 4.1 Conjurations
 + Level 4.1 Hexes
 + Level 4.1 Summonings
 + Level 5.7 Necromancy
 + Level 4.1 Translocations
 + Level 4.1 Transmutations
 + Level 4.1 Fire Magic
 + Level 4.1 Ice Magic
 + Level 4.1 Air Magic
 + Level 4.1 Earth Magic
 + Level 4.1 Poison Magic
 + Level 5.5 Invocations
 + Level 5.0 Evocations


You had 13 spell levels left.
You knew the following spells:

 Your Spells              Type           Power      Damage    Failure   Level
a - Necrotise             Necr           100%       1d9       1%          1
b - Vampiric Draining     Necr           31%        2d8       2%          3
c - Call Canine Familiar  Summ           24%        N/A       4%          3

Your spell library contained the following spells:

 Spells                   Type           Power      Damage    Failure   Level
 Portal Projectile        Hex/Tloc       48%        N/A       4%          3
 Hailstorm                Conj/Ice       24%        3d7       17%         4
 Ice Form                 Ice/Tmut       24%        N/A       17%         4
 Leda's Liquefaction      Hex/Erth       12%        N/A       17%         4
 Summon Forest            Summ/Tloc      12%        N/A       43%         5
 Simulacrum               Ice/Necr       14%        N/A       88%         6
 Eringya's Noxious Bog    Tmut/Pois      12%        N/A       95%         6
 Summon Hydra             Summ           12%        N/A       100%        7


Dungeon Overview and Level Annotations

Branches:
Dungeon (8/15)             Temple (0/1) D:4         Ossuary (1/1)
   Lair: D:8-11

Altars:
Cheibriados
Kikubaaqudgha
Nemelex Xobeh
Qazlal
Ru
Sif Muna
Uskayaw
Wu Jian
Xom

Shops:
D:1 (   D:6 !   D:7 *


Innate Abilities, Weirdness & Mutations

You have very sharp teeth.
Your uncanny sense of smell can sniff out nearby items.
Your experience applies equally to all skills.


Message History

The killer bee zombie is moderately damaged.
The killer bee zombie barely misses you.
You hit the killer bee zombie.
The killer bee zombie is heavily damaged.
The killer bee zombie barely misses you.
The killer bee zombie hits you but does no damage.
You whack the killer bee zombie!
You destroy the killer bee zombie!
Cheibriados thoroughly appreciates the change of pace.
You hit the wyvern zombie.
You bite the wyvern zombie, but do no damage.
The wyvern zombie is almost destroyed.
The wyvern zombie bites you!
* * * LOW HITPOINT WARNING * * *
You hit the wyvern zombie.
The wyvern zombie is almost destroyed.
The wyvern zombie bites you!
* * * LOW HITPOINT WARNING * * *
You hit the wyvern zombie but do no damage.
The wyvern zombie is almost destroyed.
The wyvern zombie closely misses you.
You hit the wyvern zombie.
You destroy the wyvern zombie!
Cheibriados thoroughly appreciates the change of pace.
You hit the bullfrog zombie.
The bullfrog zombie is lightly damaged.
The bullfrog zombie hits you.
* * * LOW HITPOINT WARNING * * *
You whack the mummy!
The mummy is almost destroyed.
You hit the mummy.
The mummy is almost destroyed.
You hit the mummy.
You destroy the mummy!
Cheibriados appreciates the change of pace.
The wyvern zombie barely misses you.
You whack the wyvern zombie!
The wyvern zombie is lightly damaged.
The wyvern zombie bites you!
You die...

'. ∆∆∆
##.# '.'
###Z#####
#.'.#..∩#
∆∆∆
#ZM.∩.#
∆∆∆
+.#...#
∆∆∆
###M#####~
#@ZZ..~~~~
###+#.~~#.
.≈P #


You could see a mummy, a bullfrog zombie and a wyvern zombie.

Vanquished Creatures
  A troll (D:5)
  Grinder (D:6)
  Menkaure (D:6)
  3 sky beasts
  An ice beast (D:7)
  A black bear (D:7)
  3 ogres
  2 centaurs
  A phantom (D:5)
  A bullfrog (D:7)
  A gnoll sergeant (D:6)
  A wyvern zombie (Ossuary)
  A necrophage (D:6)
  2 scorpions
  3 howler monkeys (D:7)
  2 bullfrog zombies (Ossuary)
  4 jellies
  A centaur zombie (Ossuary)
  8 orc priests
  4 hounds
  3 iguanas
  9 orc wizards
  A killer bee zombie (Ossuary)
  9 mummies (Ossuary)
  3 gnolls (D:6)
  13 adders
  A shadow imp (D:7)
  A white imp (D:6)
  2 ufetubi
  2 worms
  7 dart slugs
  36 orcs
  4 ball pythons
  8 endoplasms
  3 giant cockroaches (D:1)
  5 goblins
  4 hobgoblins
  5 quokkas
  8 bats
  3 frilled lizards
  A goblin zombie (D:8)
  10 kobolds
  4 rats
184 creatures vanquished.

Vanquished Creatures (collateral kills)
  A howler monkey (D:7)
  A jelly (D:7)
  An orc wizard (D:7)
  2 orcs (D:7)
  A hobgoblin (D:1)
  A ball python (D:3)
7 creatures vanquished.

Vanquished Creatures (others)
  2 withered plants (Ossuary)
2 creatures vanquished.

Grand Total: 193 creatures vanquished

Notes
Turn   | Place    | Note
-------+----------+-------------------------------------------
     0 | D:1      | Turgor the Gnoll Wanderer began the quest for the Orb.
     0 | D:1      | Turgor set off with the following items: a +2 falchion, 9
                  | poisoned darts, a +0 dagger, a potion of brilliance, a +0
                  | robe; and the following spell memorised: Necrotise; and the
                  | following spells available to memorise: Vampiric Draining.
     0 | D:1      | Reached XP level 1. HP: 13/13 MP: 4/4
   506 | D:1      | Reached XP level 2. HP: 14/19 MP: 5/5
   671 | D:1      | Found Coghuteng's Antique Weapon Boutique.
  1346 | D:2      | Reached XP level 3. HP: 21/25 MP: 7/7
  1530 | D:2      | Reached skill level 1 in Invocations
  1762 | D:2      | Reached skill level 1 in Fighting
  1762 | D:2      | Reached skill level 1 in Short Blades
  1762 | D:2      | Reached skill level 1 in Axes
  1762 | D:2      | Reached skill level 1 in Maces & Flails
  1762 | D:2      | Reached skill level 1 in Polearms
  1762 | D:2      | Reached skill level 1 in Staves
  1762 | D:2      | Reached skill level 1 in Ranged Weapons
  1762 | D:2      | Reached skill level 1 in Dodging
  1762 | D:2      | Reached skill level 1 in Stealth
  1762 | D:2      | Reached skill level 1 in Shields
  1762 | D:2      | Reached skill level 1 in Unarmed Combat
  1762 | D:2      | Reached skill level 1 in Evocations
  1856 | D:2      | Reached XP level 4. HP: 13/32 MP: 8/8
  3009 | D:3      | Reached skill level 1 in Conjurations
  3009 | D:3      | Reached skill level 1 in Hexes
  3009 | D:3      | Reached skill level 1 in Summonings
  3009 | D:3      | Reached skill level 1 in Translocations
  3009 | D:3      | Reached skill level 1 in Transmutations
  3009 | D:3      | Reached skill level 1 in Fire Magic
  3009 | D:3      | Reached skill level 1 in Ice Magic
  3009 | D:3      | Reached skill level 1 in Air Magic
  3009 | D:3      | Reached skill level 1 in Earth Magic
  3009 | D:3      | Reached skill level 1 in Poison Magic
  3299 | D:3      | Found a snail-covered altar of Cheibriados.
  3301 | D:3      | Found an ornate altar of the Wu Jian Council.
  3383 | D:3      | Found an ancient bone altar of Kikubaaqudgha.
  3418 | D:3      | Reached XP level 5. HP: 25/37 MP: 9/9
  3428 | D:3      | Learned a level 3 spell: Vampiric Draining
  3528 | D:3      | Found a faded altar of an unknown god.
  3941 | D:3      | Became a worshipper of Cheibriados the Contemplative
  4171 | D:4      | Reached XP level 6. HP: 41/44 MP: 9/11
  4265 | D:4      | Found a staircase to the Ecumenical Temple.
  4353 | D:4      | Learned a level 3 spell: Call Canine Familiar
  4472 | D:4      | Reached * piety under Cheibriados
  4764 | D:4      | Reached XP level 7. HP: 50/50 MP: 12/12
  4782 | D:4      | Found a hide-covered altar of Uskayaw.
  4782 | D:4      | Found a sacrificial altar of Ru.
  4790 | D:4      | Found a shimmering altar of Xom.
  4792 | D:4      | Found a sparkling altar of Nemelex Xobeh.
  4794 | D:4      | Found a shimmering blue altar of Sif Muna.
  4960 | D:5      | Entered Level 5 of the Dungeon
  5261 | D:5      | Noticed a troll
  5599 | D:5      | Killed a troll
  5600 | D:5      | Reached XP level 8. HP: 58/58 MP: 14/14
  6106 | D:5      | Reached ** piety under Cheibriados
  6328 | D:6      | Noticed Grinder
  6343 | D:6      | Paralysed by Grinder for 5 turns
  6353 | D:6      | Paralysed by Grinder for 5 turns
  6363 | D:6      | Paralysed by Grinder for 3 turns
  6378 | D:6      | Paralysed by Grinder for 3 turns
  6381 | D:6      | Killed Grinder
  6697 | D:6      | Reached skill level 5 in Necromancy
  6709 | D:6      | Noticed Menkaure
  6715 | D:6      | Killed Menkaure
  6716 | D:6      | Reached XP level 9. HP: 65/65 MP: 16/16
  7066 | D:6      | Reached skill level 5 in Spellcasting
  7236 | D:6      | Found Pathraaf's Distillery.
  7250 | D:6      | Bought a potion of curing for 45 gold pieces
  7250 | D:6      | Bought a potion of degeneration for 15 gold pieces
  7250 | D:6      | Bought a potion of curing for 45 gold pieces
  7722 | D:6      | Reached skill level 5 in Armour
  8013 | D:7      | Reached *** piety under Cheibriados
  8171 | D:7      | Found Wuutzeaw's Assorted Antiques.
  8214 | D:7      | Reached skill level 5 in Invocations
  8500 | D:7      | Found a stormy altar of Qazlal.
  9119 | D:8      | Found a sand-covered staircase.
  9127 | Ossuary  | Entered an ossuary
  9168 | Ossuary  | Reached skill level 5 in Fighting
  9168 | Ossuary  | Reached skill level 5 in Short Blades
  9168 | Ossuary  | Reached skill level 5 in Axes
  9168 | Ossuary  | Reached skill level 5 in Maces & Flails
  9168 | Ossuary  | Reached skill level 5 in Polearms
  9168 | Ossuary  | Reached skill level 5 in Staves
  9168 | Ossuary  | Reached skill level 5 in Ranged Weapons
  9168 | Ossuary  | Reached skill level 5 in Dodging
  9168 | Ossuary  | Reached skill level 5 in Stealth
  9168 | Ossuary  | Reached skill level 5 in Shields
  9168 | Ossuary  | Reached skill level 5 in Unarmed Combat
  9168 | Ossuary  | Reached skill level 5 in Evocations
  9168 | Ossuary  | Reached XP level 10. HP: 38/74 MP: 18/18
  9197 | Ossuary  | Slain by a wyvern zombie

Illustrated notes

Levels and vault maps discovered:
D:1:      amcnicky_arrival_double_pillar, layout_basic, serial_shops,
          nicolae_square_shop
D:2:      layout_loops_corners, hangedman_feature_mirror
D:3:      layout_basic, nicolae_overflow_hidden_temple,
          nicolae_ecumenical_snake_handling
D:4:      layout_basic, chequers_temple_overflow_minitemple,
          minmay_temple_entry_junction, minmay_misc_feat_columns, minivault_24,
          nrook_mini_vaults
D:5:      layout_rooms
D:6:      layout_rooms, serial_shops, nicolae_diamond_shop, grunt_tough_drop,
          uniq_grinder, uniq_menkaure
D:7:      layout_cave_pods, nicolae_qazlal_style_of_elements,
          grunt_ministairs_14, nicolae_take_the_stairs
D:8:      layout_loops_cross, enter_ossuary_3, uniq_grum, uniq_prince_ribbit1
Ossuary:  ossuary_zaba_flooded

Skill      XL: |  1  2  3  4  5  6  7  8  9 |
---------------+----------------------------+-----
Invocations    | 1 2 3 4 5 |  5.5
Fighting       | 1 2 3 5 |  5.0
Short Blades   | 1 2 3 5 |  5.0
Axes           | 1 2 3 5 |  5.0
Maces & Flails | 1 2 3 5 |  5.0
Polearms       | 1 2 3 5 |  5.0
Staves         | 1 2 3 5 |  5.0
Ranged Weapons | 1 2 3 5 |  5.0
Dodging        | 1 2 3 5 |  5.0
Stealth        | 1 2 3 5 |  5.0
Shields        | 1 2 3 5 |  5.0
Unarmed Combat | 1 2 3 5 |  5.0
Evocations     | 1 2 3 5 |  5.0
Spellcasting   | 3 4 5 |  5.8
Conjurations   | 1 2 3 4 |  4.1
Hexes          | 1 2 3 4 |  4.1
Summonings     | 1 2 3 4 |  4.1
Translocations | 1 2 3 4 |  4.1
Transmutations | 1 2 3 4 |  4.1
Fire Magic     | 1 2 3 4 |  4.1
Ice Magic      | 1 2 3 4 |  4.1
Air Magic      | 1 2 3 4 |  4.1
Earth Magic    | 1 2 3 4 |  4.1
Poison Magic   | 1 2 3 4 |  4.1
Armour         | 3 4 5 |  5.7
Necromancy     | 4 5 |  5.7
Long Blades    | 7 8 |  8.3
Throwing       | 7 8 |  8.3

Action                   |  1- 3 |  4- 6 |  7- 9 | 10-12 || total
-------------------------+-------+-------+-------+-------++-------
Melee: Falchion          |    57 |    61 |    33 |       ||   151
       Bite              |     2 |     5 |    41 |     4 ||    52
       Punch             |     1 |     2 |    11 |     1 ||    15
       Dagger            |       |    28 |       |       ||    28
       Rapier            |       |       |   196 |       ||   196
       Whip              |       |       |    43 |    28 ||    71
 Fire: Arbalest          |     9 |    80 |   121 |       ||   210
Throw: Dart              |       |     2 |       |       ||     2
 Cast: Necrotise         |    17 |    15 |    13 |       ||    45
       Vampiric Draining |       |     5 |     4 |       ||     9
       Call Canine Famil |       |       |    10 |       ||    10
  Use: Scroll            |       |     6 |     8 |     1 ||    15
       Potion            |       |     2 |     5 |       ||     7
 Stab: Sleeping          |     1 |       |     1 |       ||     2
Armor: Robe              |    19 |    36 |    88 |     7 ||   150
Dodge: Dodged            |    30 |    55 |   183 |    22 ||   290

Table legend: (Time is in decaauts)
 A = Elapsed time spent in this place.
 B = Non-inter-level travel time spent in this place.
 C = Inter-level travel time spent in this place.
 D = Time resting spent in this place.
 E = Time spent auto-exploring this place.
 F = Levels seen in this place.
 G = Mean time per level.
                   A        B        C        D        E       F      G
               +--------+--------+--------+--------+--------+-----+--------+
         Total |  10516 |   9985 |    531 |   1474 |   6494 |   9 | 1168.4 |
       Dungeon |  10446 |   9915 |    531 |   1474 |   6494 |   8 | 1305.8 |
       Ossuary |     70 |     70 |      0 |      0 |      0 |   1 |   70.0 |
               +--------+--------+--------+--------+--------+-----+--------+

Top non-repeatable levels by time:
     D:4: 2074 daAuts
     D:6: 1873 daAuts
     D:7: 1707 daAuts
     D:2: 1553 daAuts
     D:1: 1313 daAuts
     D:3: 1054 daAuts
     D:5: 667 daAuts
     D:8: 201 daAuts
 Ossuary: 70 daAuts
